AoeStats
← Der Kissenschlitzer von Salem

Arabia

505943859Analyzed
1v1 RM · 21d ago on Sep 11, 2026· 44m 12s· 2 players
Game mode
Random Map
Map size
Tiny (2 player)
Population
200
Speed
Normal
Resources
Standard
Victory
Conquest
Starting age
Dark Age
Ending age
Imperial Age
RankedLock teamsTeams togetherTeam positionsShared explorationLock speedFull tech treeHidden civsTurbo modeCheats
Victory
Defeat
1129
+15
🇮🇱 Malay · Israel
1100
-15
Dark_Wave
10:58 Feudal Age
16:08 Loom
20:26 Castle Age
19:28 Crossbowman
20:51 Thumb Ring
21:42 Fletching
29:35 Wheelbarrow
34:59 Imperial Age
35:40 Conscription
37:27 Gold Mining
Der Kissenschlitzer von Salem
2:08 Loom
10:20 Feudal Age
10:45 Double-Bit Axe
12:28 Horse Collar
21:21 Castle Age
19:36 Scale Mail Armor
19:33 Arson
20:22 Forging
21:43 Fletching
21:54 Padded Archer Armor
22:41 Chain Mail Armor
22:31 Squires
21:57 Elite Skirmisher
24:40 Bodkin Arrow
29:45 Iron Casting
30:59 Wheelbarrow
35:51 Imperial Age
36:16 Hand Cart
35:23 Crossbowman
37:21 Heavy Plow
38:54 Blast Furnace
39:30 Plate Mail Armor
39:26 Bracer
40:48 Thumb Ring
40:11 Arbalester
Connection lost

Rejoining the realm…

Still unreachable

The connection could not be restored.

Session expired

The server has moved on; the page needs a fresh start.